 Dungeon Crawl Stone Soup version 0.29.0-15-g675c0067aa (webtiles) character file.

Game seed: 7973539657645985953

36 qw the Sneak (level 3, -3/23 HPs)
             Began as a Gargoyle Delver on Sept 11, 2022.
             Slain by a wolf (7 damage)
             ... on level 5 of the Dungeon.
             The game lasted 00:00:05 (432 turns).

qw the Sneak (Gargoyle Delver)                       Turns: 432, Time: 00:00:06

Health: -3/23      AC:  6    Str: 17    XL:     3   Next: 37%
Magic:  3/3        EV: 11    Int: 10    God:
Gold:   0          SH:  0    Dex: 11    Spells: 2/2 levels left

rFire   . . .      SeeInvis .   a - +0 hand axe
rCold   . . .      Faith    .   (no shield)
rNeg    + . .      Spirit   .   b - +0 leather armour
rPois   inf        Reflect  .   (no helmet)
rElec   +          Harm     .   (no cloak)
rCorr   .          Rampage  .   (no gloves)
Will    .....                   (no boots)
Stlth   +++.......              (no amulet)
HPRegen 0.07/turn               (no ring)
MPRegen 0.08/turn               (no ring)

@: no status effects
A: sickness immunity, AC +3, negative energy resistance 1, electricity
resistance, torment resistance 1, petrification resistance
a: no special abilities


You were on level 5 of the Dungeon.
You visited 1 branch of the dungeon, and saw 1 of its levels.


Innate Abilities, Weirdness & Mutations

You are immune to sickness and miasma.
Your stone body is resilient. (AC +3)
You are immune to poison.
You resist negative energy. (rN+)
You are resistant to electric shocks. (rElec)
You are resistant to unholy torment.
You are immune to petrification.


   Skills:
 - Level 3.2 Fighting
 + Level 3.3 Axes
 - Level 1.5 Dodging
 - Level 5.4 Stealth


You had 2 spell levels left.
You didn't know any spells.
Your spell library was empty.

Inventory:

Hand Weapons
 a - a +0 hand axe (weapon)
Armour
 b - a +0 leather armour (worn)
Wands
 g - a wand of digging (3)
Scrolls
 c - a scroll of fog
 d - a scroll of magic mapping
 e - a scroll of fear
Potions
 f - a potion of haste

Dungeon Overview and Level Annotations

Branches:
Dungeon (5/15)
 Temple: D:4-7

Altars:


Message History

There is a stone staircase leading down here.
A wolf is nearby!
416 ||| Stepping ~*~*~tactically~*~*~ (stealth).
The wolf howls!
The wolf misses you.
You closely miss the wolf. The wolf barely misses you.
The wolf closely misses you.
You miss the wolf. The wolf barely misses you. The wolf bites you.
You hit the wolf but do no damage. The wolf bites you. x2
You completely miss the wolf. The wolf barely misses you.
The wolf closely misses you.
You miss the wolf. The wolf barely misses you. The wolf misses you.
You hit the wolf.
The wolf is moderately wounded.
The wolf closely misses you. x2
You closely miss the wolf.
The wolf is moderately wounded.
The wolf barely misses you. x2
You hit the wolf but do no damage.
The wolf is moderately wounded.
The wolf bites you but does no damage.
You hit the wolf.
The wolf is heavily wounded.
The wolf closely misses you. The wolf misses you.
You hit the wolf.
The wolf is heavily wounded.
The wolf bites you! The wolf barely misses you.
You hit the wolf.
The wolf is severely wounded.
The wolf misses you. The wolf bites you.
You closely miss the wolf.
The wolf is severely wounded.
The wolf closely misses you. x2
You barely miss the wolf.
The wolf is severely wounded.
The wolf bites you!
You die...

.#.......?....#
..............# ...
.............# .#.#
#......#.....##..##
....$..........[..#
#..?............###
#................#
#.[.@..........#
#..h....>......#
#..##.........##
#..# ##........#
.... ##......##
.... #........# ...
#.......### ...
#...........
........##...#


You could see a wolf.

Vanquished Creatures
  A hound (D:5)
  A white imp (D:5)
2 creatures vanquished.

Notes
Turn   | Place    | Note
-------+----------+-------------------------------------------
     0 | D:5      | qw the Gargoyle Delver began the quest for the Orb.
     0 | D:5      | Reached XP level 1. HP: 14/14 MP: 1/1
     0 | D:5      | 0 ||| qw: Version: 0.1-a-117-gfe26ee0
     0 | D:5      | 0 ||| qw: Game counter: 10098
     0 | D:5      | 0 ||| qw: Always use a shield: true
     0 | D:5      | 0 ||| qw: God list: Okawaru
     0 | D:5      | 0 ||| qw: Allow faded altars: false
     0 | D:5      | 0 ||| qw: Do Orc after D:15 true
     0 | D:5      | 0 ||| qw: Do second Lair branch before Depths: true
     0 | D:5      | 0 ||| qw: Lair rune preference: random
     0 | D:5      | 0 ||| qw: Plans: Normal
     0 | D:5      | 0 ||| PLANNING D:1-11
     2 | D:5      | Noticed a hound
    12 | D:5      | HP: 2/14 [hound (4)]
    15 | D:5      | Killed a hound
    16 | D:5      | Reached skill level 3 in Axes
    16 | D:5      | Reached XP level 2. HP: 3/19 MP: 2/2
    16 | D:5      | Reached XP level 3. HP: 4/23 MP: 3/3
    24 | D:5      | Noticed a wolf
    59 | D:5      | 59 ||| Stepping ~*~*~tactically~*~*~ (stealth).
   140 | D:5      | HP: 4/23 [white imp (5)]
   416 | D:5      | 416 ||| Stepping ~*~*~tactically~*~*~ (stealth).
   429 | D:5      | HP: 5/23 [wolf (7)]
   432 | D:5      | Slain by a wolf

Levels and vault maps discovered:
D:5:      layout_cave_pools, serial_gnoll_camp, gnoll_camp_mini_basic,
          gnoll_camp_mini_house, gnoll_camp_mini_basic, grums_kennel

Skill      XL: |  1 |
---------------+----+-----
Axes           | 3 |  3.3
Fighting       | |  3.2
Dodging        | |  1.5
Stealth        | |  5.4

Action                   || total
-------------------------++-------
Melee: Hand axe          ||    27
Armor: Leather armour    ||     2
Dodge: Dodged            ||    28

Table legend:
 A = Non-vault XP
 B = Vault XP
 C = Vault XP percentage of total XP
 D = Non-vault monster count
 E = Vault monster count
 F = Vault count percentage of total count
                 A         B        C        D         E       F
            +---------+---------+-------+---------+---------+-------
      Total |      10 |      42 |  80.8 |       1 |       1 |  50.0
            +---------+---------+-------+---------+---------+-------
        D:5 |      10 |      42 |  80.8 |       1 |       1 |  50.0
            +---------+---------+-------+---------+---------+-------
